 Dungeon Crawl Stone Soup version 0.26.1-11-gd32895ea62 (webtiles) character file.

Game seed: 17521356554915561434

69 Exodus22XD the Chopper (level 4, 0/60 HPs)
             Began as a Hill Orc Monk on Apr 25, 2021.
             Succumbed to Crazy Yiuf's poison
             ... on level 2 of the Dungeon.
             The game lasted 00:02:58 (1452 turns).

Exodus22XD the Chopper (Hill Orc Monk)              Turns: 1452, Time: 00:02:58

Health: 0/60       AC: 22    Str: 14    XL:     4   Next: 20%
Magic:  4/4        EV:  2    Int: 10    God:
Gold:   109        SH:  0    Dex: 13    Spells: 3/3 levels left

rFire    . . .     SeeInvis .   a - +0 hand axe
rCold    . . .     Faith    .   (no shield)
rNeg     + + +     Spirit   .   (armour currently unavailable)
rPois    +         Reflect  .   (helmet currently unavailable)
rElec    .         Harm     .   (cloak currently unavailable)
rCorr    .         Rampage  .   (gloves currently unavailable)
Will     .....     NoTele   +   (boots currently unavailable)
Stlth    ++........             (no amulet)
HPRegen  0.20/turn              (no ring)
MPRegen  0.09/turn              (no ring)

@: mighty, lethally poisoned (0 -> -4), tree-form
A: no striking features
a: no special abilities


You were on level 2 of the Dungeon.
You were a tree.
You visited 1 branch of the dungeon, and saw 2 of its levels.

You collected 109 gold pieces.

Inventory:

Hand Weapons
 a - a +0 hand axe (weapon)
Armour
 d - a scarf of shadows (melded)
 j - a +0 ring mail (melded)
Scrolls
 c - a scroll of fog {unknown}
 e - a scroll of noise {unknown}
 f - 3 scrolls of fear {unknown}
 g - a scroll of enchant armour {unknown}
Potions
 i - a potion of might


   Skills:
 + Level 4.3 Fighting
 + Level 5.1 Axes
 * Level 2.3 Armour
 - Level 2.4 Dodging
 - Level 1.5 Stealth


You had 3 spell levels left.
You didn't know any spells.
Your spell library was empty.

Dungeon Overview and Level Annotations

Branches:
Dungeon (2/15)

Altars:


Message History

Crazy Yiuf hits you with a +2 quarterstaff of chaos.
* * * LOW HITPOINT WARNING * * *
You feel very mighty all of a sudden.
It was a potion of might.
You feel mightier all of a sudden. Crazy Yiuf hits you but does no damage.
It was a potion of lignification.
You turn into a tree.
Your scarf of shadows melds into your body.
Your +0 ring mail melds into your body.
The dungeon's light returns to normal.
Your roots penetrate the ground.
* * * LOW HITPOINT WARNING * * *
You feel sick. Crazy Yiuf hits you but does no damage.
You slash Crazy Yiuf!
You kill Crazy Yiuf!
* * * LOW HITPOINT WARNING * * *
You feel sick.
Your Axes skill increases to level 5!
Your Armour skill increases to level 2!
You have reached level 4!
Okay, then.
You die...

##### #)..# #...#
... #)#
############ ♣♣♣♣
#.........(. ♣♣.♣
####........ ♣.♣♣
#.####### ♣♣.♣
###.# ♣♣.♣♣ #...#
♣♣.).♣ #.### ♣..).♣
#.# ##..##
##.######### .##
#...)###...........


There were no monsters in sight!

Vanquished Creatures
  Crazy Yiuf (D:2)
  A dart slug (D:1)
  A ball python (D:2)
  6 bats (D:1)
  6 goblins
  7 hobgoblins
  6 jackals (D:1)
  2 kobolds (D:1)
  A frilled lizard (D:1)
  2 rats (D:1)
33 creatures vanquished.

Notes
Turn   | Place    | Note
-------+----------+-------------------------------------------
     0 | D:1      | Exodus22XD the Hill Orc Monk began the quest for the Orb.
     0 | D:1      | Reached XP level 1. HP: 19/19 MP: 1/1
    84 | D:1      | Reached XP level 2. HP: 25/27 MP: 2/2
   246 | D:1      | Reached skill level 1 in Armour
   536 | D:1      | Reached XP level 3. HP: 33/33 MP: 3/3
  1431 | D:2      | Found a runed translucent door.
  1432 | D:2      | Noticed Crazy Yiuf
  1444 | D:2      | HP: 1/33 [Crazy Yiuf/+2 quarterstaff of chaos (10)]
  1450 | D:2      | HP: 2/49 [poisoned by Crazy Yiuf]
  1451 | D:2      | Killed Crazy Yiuf
  1452 | D:2      | Reached skill level 5 in Axes
  1452 | D:2      | Reached XP level 4. HP: 1/40 MP: 4/4
  1452 | D:2      | Succumbed to Crazy Yiuf's poison

Illustrated notes

Levels and vault maps discovered:
D:1:      dpeg_arrival_arbitrary_a, layout_basic, minmay_misc_feat_enclosed
D:2:      layout_loops_ring, kiku_gazebo_garden_becter, uniq_jessica,
          uniq_crazy_yiuf_cottage

Skill      XL: |  1  2  3 |
---------------+----------+-----
Fighting       | 4 |  4.3
Armour         | 1 2 |  2.3
Axes           | 5 |  5.1
Dodging        | |  2.4
Stealth        | |  1.5

Action                   |  1- 3 |  4- 6 || total
-------------------------+-------+-------++-------
Melee: Hand axe          |   117 |       ||   117
  Use: Potion            |     4 |       ||     4
 Stab: Sleeping          |     2 |       ||     2
Armor: Leather armour    |    43 |       ||    43
       Ring mail         |     4 |       ||     4
       Skin              |     1 |       ||     1
Dodge: Dodged            |    90 |       ||    90
